 Dungeon Crawl Stone Soup version 0.21.1-1-g345015f (webtiles) character file.

343 Monsterracer the Chucker (level 6, -8/47 HPs)
             Began as a Demonspawn Arcane Marksman on Feb 24, 2018.
             Was a Follower of Nemelex Xobeh.
             Mangled by Pikel
             ... wielding a +1 whip of electrocution
              (19 damage)
             ... on level 4 of the Dungeon.
             The game lasted 00:09:03 (4734 turns).

Monsterracer the Chucker (DsAM)                     Turns: 4734, Time: 00:09:04

Health: -8/47      AC: 10    Str: 12    XL:     6   Next: 31%
Magic:  7/7        EV: 11    Int: 14    God:    Nemelex Xobeh [*.....]
Gold:   179        SH:  0    Dex: 14    Spells: 4/7 levels left

rFire    + . .     SeeInvis .   h - +0 hand axe
rCold    . . .     Gourm    .   (no shield)
rNeg     . . .     Faith    .   n - +0 ring mail
rPois    .         Spirit   .   q - +1 helmet
rElec    .         Reflect  .   (no cloak)
rCorr    .         Harm     .   s - +0 pair of gloves
MR       .....                  (no boots)
Stlth    +.........             (no amulet)
HPRegen  0.15/turn              k - ring of protection from fire {!d}
MPRegen  0.10/turn              (no ring)

@: no status effects
A: molten scales 1, spiny 1
a: Renounce Religion


You were on level 4 of the Dungeon.
You worshipped Nemelex Xobeh.
Nemelex Xobeh was aware of your devotion.
You were not hungry.

You visited 1 branch of the dungeon, and saw 4 of its levels.

You collected 179 gold pieces.

Inventory:

Hand Weapons
 h - a +0 hand axe (weapon)
Missiles
 b - 3 javelins
 d - a throwing net
 l - 174 stones (quivered)
Armour
 n - a +0 ring mail (worn)
 q - a +1 helmet (worn)
 s - a +0 pair of gloves (worn)
 u - a +0 chain mail
Jewellery
 k - a ring of protection from fire (left hand) {!d}
Scrolls
 f - a scroll of fear {!r}
 g - a scroll of remove curse
Potions
 a - 2 potions of heal wounds
 m - a potion of mutation {!q}
 p - 2 potions of cancellation {unknown}
 w - a potion of curing {unknown}
Miscellaneous
 e - a plain deck of destruction
 r - a plain deck of summoning
Comestibles
 c - 4 rations
 i - 2 chunks of flesh


   Skills:
 * Level 3.5 Fighting
 * Level 2.0 Axes
 + Level 3.7 Throwing
 + Level 2.8 Dodging
 - Level 1.0 Spellcasting
 - Level 3.0 Hexes
 + Level 1.8 Invocations


You had 4 spell levels left.
You knew the following spells:

 Your Spells              Type           Power        Failure   Level  Hunger
c - Portal Projectile     Hex/Tloc       #.....       67%         3    ####...


Dungeon Overview and Level Annotations

Branches:
Dungeon (4/15)
 Temple: D:4-7

Altars:
Nemelex Xobeh

Annotations:
D:4 Pikel


Innate Abilities, Weirdness & Mutations

You are partially covered in molten scales. (AC +2)
You are partially covered in sharp spines.


Message History

Things that are here:
an animal skin; a human skeleton You start resting.
Eating one of 3 chunks of flesh.
You eat one of the 3 chunks of flesh.
This raw flesh tastes terrible.
A quokka comes into view.
You regained 2 hp, and now have 32/47 hp.
You swing at nothing.
You swing at nothing.
You swing at nothing.
You swing at nothing.
You closely miss the quokka. The quokka is struck by your spines.
The quokka bites you but does no damage.
The quokka closely misses you.
You barely miss the quokka.
The quokka is moderately wounded.
The quokka is struck by your spines.
The quokka bites you but does no damage.
You slash the quokka!
You kill the quokka!
You start resting.
HP restored.
A slave and Pikel come into view.
Pikel is wielding a whip of electrocution.
Health restored: 47
There are monsters nearby!
Press: ? - help, v - describe, . - travel
Here: Pikel, wielding a whip of electrocution and wearing an embroidered robe The floor.
Unknown command.
Fire/throw which item? (* to show all) (? for menu, Esc to quit)
Press: ? - help, Shift-Dir - straight line, f - Pikel
Aim: Pikel, wielding a whip of electrocution and wearing an embroidered robe You throw a javelin.
The javelin hits Pikel!
Pikel is moderately wounded.
Fire/throw which item? (* to show all) (? for menu, Esc to quit)
Press: ? - help, Shift-Dir - straight line, f/p - Pikel
Aim: Pikel, wielding a whip of electrocution and wearing an embroidered robe (moderately wounded)
You throw a javelin. The javelin closely misses Pikel.
You hit Pikel.
Pikel is moderately wounded.
Pikel hits you with a whip of electrocution.
You are electrocuted!
You take 20 damage, and have 27/47 hp.
MASSIVE DAMAGE!!
You closely miss Pikel.
Pikel is moderately wounded.
Pikel hits you but does no damage. x2
You hit Pikel but do no damage.
Pikel is moderately wounded.
Pikel hits you but does no damage.
You hit Pikel but do no damage.
Pikel is moderately wounded.
Pikel misses you.
You hit Pikel but do no damage.
Pikel is moderately wounded.
Pikel is struck by your spines. Pikel hits you but does no damage.
You hit Pikel.
Pikel is heavily wounded.
Pikel closely misses you.
You hit Pikel.
Pikel is heavily wounded.
Pikel hits you but does no damage. x2; You are electrocuted!
* * * LOW HITPOINT WARNING * * *
You take 18 damage, and have 10/47 hp.
MASSIVE DAMAGE!!
You barely miss Pikel.
Pikel is heavily wounded.
Pikel says, "Slavery isn't that bad."
Pikel is struck by your spines. Pikel closely misses you.
Fire/throw which item? (* to show all) (? for menu, Esc to quit)
Press: ? - help, Shift-Dir - straight line, f/p - Pikel
Aim: Pikel, wielding a whip of electrocution and wearing an embroidered robe (heavily wounded)
You throw a throwing net. The throwing net closely misses Pikel.
The throwing net hits the slave.
The slave is caught in the net!
The slave struggles against the net.
Pikel hits you but does no damage.
Fire/throw which item? (* to show all) (? for menu, Esc to quit)
Press: ? - help, Shift-Dir - straight line, f/p - Pikel
Aim: Pikel, wielding a whip of electrocution and wearing an embroidered robe (heavily wounded)
You throw a throwing net. The throwing net hits Pikel.
Pikel is caught in the net!
Pikel is heavily wounded.
The slave struggles against the net.
You hit Pikel.
Pikel is heavily wounded.
Pikel struggles against the net. x2; The slave struggles against the net.
You hit Pikel but do no damage.
Pikel is heavily wounded.
Pikel struggles against the net.
The slave struggles against the net.
You hit Pikel.
Pikel is heavily wounded.
Pikel struggles against the net.
The slave struggles against the net.
You hit Pikel.
Pikel is severely wounded.
Pikel struggles against the net.
The net rips apart, and Pikel comes free!
The slave struggles against the net.
The net rips apart, and the slave comes free!
You hit Pikel but do no damage.
Pikel is severely wounded.
Pikel hits you but does no damage.
You are electrocuted!
You die...
Your body disappears without a glow.

##..........#....
##..[[....##..p#
#.......#..(#.######
+..#.......p........
####.####..#..>....? ###...#
#...#........
##.#.#####..##........
##.##.##...............
##.....@Kp...(##........
.##+##..<[..#####............
........).#####....###........
..........####..#.## ###.##.##
..........##...##.# .# .#
..................... .. .
..........#..####.... ..
..####............... ..
#.............#....


You could see Pikel and a slave.

Vanquished Creatures
  3 slaves
  The ghost of KMICIC the Slasher, an amateur DsGl (D:3)
  An iguana (D:4)
  A worker ant (D:4)
  Robin (D:2)
  5 adders
  A gnoll (D:1)
  An ooze (D:2)
  An adder skeleton (D:2)
  5 worms
  3 leopard geckos
  5 orcs
  A ball python (D:1)
  5 giant cockroaches
  17 goblins
  21 hobgoblins
  18 jackals
  10 kobolds
  A quokka (D:4)
  4 bats
  6 frilled lizards
  4 rats
115 creatures vanquished.

Notes
Turn   | Place    | Note
-------+----------+-------------------------------------------
     0 | D:1      | Monsterracer the Demonspawn Arcane Marksman began the quest for the Orb.
     0 | D:1      | Reached XP level 1. HP: 15/15 MP: 2/2
    34 | D:1      | HP: 7/15 [leopard gecko (2)]
   245 | D:1      | Gained mutation: You are partially covered in sharp spines. [demonic ancestry]
   245 | D:1      | Reached XP level 2. HP: 22/22 MP: 3/3
   751 | D:1      | Gained mutation: You are partially covered in molten scales. (AC +2) [demonic ancestry]
   751 | D:1      | Reached XP level 3. HP: 26/27 MP: 4/4
   948 | D:1      | Learned a level 3 spell: Portal Projectile
  1287 | D:2      | HP: 9/28 [worm (7)]
  1311 | D:2      | Reached XP level 4. HP: 13/34 MP: 5/5
  1314 | D:2      | HP: 4/34 [worm (10)]
  1701 | D:2      | HP: 13/34 [worm (7)]
  1710 | D:2      | HP: 12/34 [giant cockroach (2)]
  2339 | D:2      | Noticed Robin
  2363 | D:1      | HP: 16/34 [hobgoblin (6)]
  2528 | D:2      | Reached XP level 5. HP: 40/40 MP: 6/6
  2553 | D:2      | Killed Robin
  2553 | D:2      | Reached skill level 1 in Axes
  2738 | D:2      | Found a faded altar of an unknown god.
  2762 | D:2      | Became a worshipper of Nemelex Xobeh the Trickster
  2762 | D:2      | Received a gift from Nemelex Xobeh
  2762 | D:2      | Reached * piety under Nemelex Xobeh
  2762 | D:2      | Received a gift from Nemelex Xobeh
  3639 | D:3      | Reached skill level 1 in Invocations
  3702 | D:3      | Noticed KMICIC's ghost (amateur DsGl)
  3717 | D:3      | Killed KMICIC's ghost
  3717 | D:3      | Reached XP level 6. HP: 27/47 MP: 7/7
  3984 | D:3      | Found a sparkling altar of Nemelex Xobeh.
  4281 | D:4      | Noticed a slave
  4282 | D:4      | Noticed a slave
  4283 | D:4      | Noticed a slave
  4301 | D:4      | HP: 23/47 [slave[Pikel] (3)]
  4308 | D:3      | HP: 22/47 [slave[Pikel] (2)]
  4309 | D:3      | Killed a slave
  4477 | D:3      | Killed a slave
  4581 | D:4      | Killed a slave
  4709 | D:4      | Noticed Pikel
  4709 | D:4      | Noticed a slave
  4726 | D:4      | HP: 10/47 [Pikel/whip of electrocution (18)]
  4734 | D:4      | Mangled by Pikel

Skill      XL: |  1  2  3  4  5  6 |
---------------+-------------------+-----
Throwing       | 2 3 |  3.7
Fighting       | 2 3 |  3.5
Dodging        | 2 |  2.8
Axes           | 1 2 |  2.0
Invocations    | 1 |  1.8
Spellcasting   | |  1.0
Hexes          | |  3.0

Action                   |  1- 3 |  4- 6 || total
-------------------------+-------+-------++-------
Melee: Unarmed           |    22 |       ||    22
       Whip              |    46 |       ||    46
       Dagger            |    25 |    21 ||    46
       Flail             |    18 |       ||    18
       Hand axe          |       |   171 ||   171
Throw: Javelin           |    18 |     7 ||    25
       Stone             |     3 |    26 ||    29
       Throwing net      |       |     2 ||     2
 Cast: Corona            |     1 |       ||     1
  Use: Scroll            |       |     8 ||     8
  Eat: Chunk             |     1 |    11 ||    12
Armor: Ring mail         |    54 |    85 ||   139
Dodge: Dodged            |    72 |   120 ||   192

Vault maps used:
D:1:      nzn_arrival_crosshair, interstate_on_off
D:2:      chequers_ecumenical_altar_simple, minmay_goblin_kobold_house,
          uniq_robin
D:3:      nemelex_xobeh_ov_fountains_minmay
D:4:      serial_shops, kennysheep_mini_moat, dk_noncrumbling_3, uniq_pikel
